[Event "Early-Titled-Tuesday-Blitz-March-19-2024"]
[Site "Chess.com"]
[Date "2024.03.19"]
[Round "2"]
[White "RedFirePanda"]
[Black "Zampronha1971"]
[Result "1-0"]
[WhiteElo "2543"]
[BlackElo "2311"]
[TimeControl "180+1"]
[EndTime "8:17:02 PDT"]
[Termination "RedFirePanda won on time"]

1. d4 Nf6 2. Bf4 e6 3. e3 c5 4. c3 d5 5. Nd2 Nc6 6. Ngf3 Bd6 7. Bg3 O-O 8. Bd3 Qe7 9. O-O e5 10.
dxe5 Nxe5 11. Nxe5 Bxe5 12. Bxe5 Qxe5 13. Nf3 Qc7 14. Re1 Re8 15. Qc2 h6 16. a4 b6 17.
a5 Bb7 18. a6 Bc6 19. b4 Rac8 20. bxc5 bxc5 21. Reb1 Rb8 22. Ra2 Rxb1+ 23. Qxb1 Rb8 24. Rb2 Rxb2 25. Qxb2 Kf8 26. h3 Ke7 27. c4 dxc4 28. Bxc4 Qd6 29. Ne5 Be8 30. Qb7+ Kf8 31. Nxf7 Qd1+ 32.
Kh2 Qc2 33. Nd6 Qd2 34. Nxe8 1-0

[Event "Early-Titled-Tuesday-Blitz-March-19-2024"]
[Site "Chess.com"]
[Date "2024.03.19"]
[Round "2"]
[White "The_Straightforward_Rook"]
[Black "Airquake"]
[Result "1-0"]
[WhiteElo "2431"]
[BlackElo "2644"]
[TimeControl "180+1"]
[EndTime "8:17:06 PDT"]
[Termination "The_Straightforward_Rook won on time"]

1. e4 b6 2. Nf3 Bb7 3. Nc3 g6 4. d4 Bg7 5. Bd3 Nf6 6. O-O O-O 7. Re1 d6 8. a4 Re8 9. a5 e5 10. a6 Bc8 11. d5 c6 12. dxc6 Nxc6 13. Bb5 Bd7 14.
Qxd6 Re6 15. Qd1 Nd4 16. Nxd4 exd4 17. Qxd4 Qc7 18. e5 Bxb5 19. Nxb5 Qxc2 20. Bf4 Ne8 21. Qd5 Qc8 22. Rac1 Qb8 23. Qb7 Bf8 24. Nc7 Nxc7 25.
Rxc7 Qe8 26. Rec1 Bc5 27. h4 Rd8 28. Qxa7 Rd4 29. Bg3 Rxe5 30. Bxe5 Qxe5 31. Qb8+ Kg7 32. Rxf7+ Kxf7 33. Qxe5 1-0

[Event "Early-Titled-Tuesday-Blitz-March-19-2024"]
[Site "Chess.com"]
[Date "2024.03.19"]
[Round "2"]
[White "Defend1r"]
[Black "nihalsarin"]
[Result "0-1"]
[WhiteElo "2725"]
[BlackElo "3174"]
[TimeControl "180+1"]
[EndTime "8:17:07 PDT"]
[Termination "nihalsarin won by resignation"]

1. e4 a6 2. Nf3 c6 3. d3 d5 4.
Nbd2 Bg4 5. g3 e6 6. Bg2 Bc5 7. O-O Nf6 8. Qe2 O-O 9. h3 Bh5 10. g4 Bg6 11. Ne5 Nbd7 12. Nxg6 fxg6 13. Nb3 Bb6 14.
exd5 exd5 15. Bf4 Bc7 16. Qd2 a5 17. Nd4 Bxf4 18. Qxf4 Nh5 19. Qd6 Nf4 20. Ne6 Nxe6 21. Qxe6+ Kh8 22. Rae1 g5 23. c4 Nc5 24. Qe3 d4 25. Qg3 Qf6 26. Re5 Qd6 27. Rfe1 h6 28. Bf1 Kh7 29. h4 gxh4 30. Qxh4 Rf4 31. Re6 Nxe6 0-1

[Event "Early-Titled-Tuesday-Blitz-March-19-2024"]
[Site "Chess.com"]
[Date "2024.03.19"]
[Round "2"]
[White "ChessSwole"]
[Black "GHANDEEVAM2003"]
[Result "1-0"]
[WhiteElo "2717"]
[BlackElo "3054"]
[TimeControl "180+1"]
[EndTime "8:17:07 PDT"]
[Termination "ChessSwole won by resignation"]

1. d4 a6 2. e4 g6 3. Nf3 Bg7 4. Bc4 b5 5. Bb3 Bb7 6. Nbd2 Nc6 7. c3 e5 8. dxe5 Nxe5 9. Nxe5 Bxe5 10. O-O Bg7 11. Nf3 Nf6 12. e5 Ne4 13. Bd5 Nc5 14. Be3 Bxd5 15. Qxd5 Ne6 16. Rfd1 c6 17. Qd3 Qc7 18.
a4 Ke7 19. axb5 axb5 20. Bb6 Qc8 21. Qd6+ Ke8 22. Rxa8 Qxa8 23. Qxd7+ Kf8 24. h3 Kg8 25. Nd4 Nxd4 26. Bxd4 c5 27. e6 Qf8 28. Bxc5 1-0

[Event "Early-Titled-Tuesday-Blitz-March-19-2024"]
[Site "Chess.com"]
[Date "2024.03.19"]
[Round "2"]
[White "VincentKeymer"]
[Black "Sofia_Blokhin"]
[Result "1-0"]
[WhiteElo "3060"]
[BlackElo "2243"]
[TimeControl "180+1"]
[EndTime "8:17:08 PDT"]
[Termination "VincentKeymer won by resignation"]

1. a3 d5 2. Nf3 Nf6 3. e3 e6 4.
c4 Be7 5. b4 O-O 6. Bb2 a5 7.
b5 dxc4 8. Bxc4 Nbd7 9. O-O Nb6 10.
Be2 Nbd5 11. d4 Bd7 12. Nbd2 c6 13. bxc6 Bxc6 14. Ne5 Be8 15. Re1 Nd7 16. Nd3 Rc8 17. e4 N5f6 18. Rb1 Nb8 19. Bf3 Nc6 20. d5 exd5 21.
e5 Ne4 22. Nxe4 dxe4 23. Bxe4 Bd7 24. Qh5 g6 25. Qh6 Be6 26. Rbd1 Qb6 27. h4 Rfd8 28.
h5 Bf8 29. Qg5 Be7 30. Qg3 Rxd3 31. Rxd3 Qxb2 32. hxg6 Qxe5 33. gxf7+ Kh8 34. Qxe5+ Nxe5 35. Rde3 Bf6 36. Bxb7 Rf8 37. Rxe5 Bxe5 38. Rxe5 Bxf7 39. Rxa5 Rb8 40. Ra8 Rxa8 41. Bxa8 Kg7 42. a4 Bc4 43. Bb7 Kf6 44. a5 1-0

[Event "Early-Titled-Tuesday-Blitz-March-19-2024"]
[Site "Chess.com"]
[Date "2024.03.19"]
[Round "2"]
[White "BeautiFullMindChess"]
[Black "NovoselovRoman"]
[Result "0-1"]
[WhiteElo "2301"]
[BlackElo "2538"]
[TimeControl "180+1"]
[EndTime "8:17:08 PDT"]
[Termination "NovoselovRoman won by resignation"]

1. e4 e6 2. d4 d5 3. e5 c5 4. c3 Nc6 5. Nf3 Qb6 6. Bd3 Bd7 7. dxc5 Bxc5 8. O-O Nh6 9. Nbd2 a5 10.
Nb3 Be7 11. Re1 Nf5 12. Bxf5 exf5 13. Nbd4 O-O 14. Bg5 Rfe8 15. Bxe7 Nxe7 16. Qb3 Qa6 17. a4 Rac8 18. h4 Rc4 19. Rad1 Bxa4 20. Qa3 Bxd1 21. Rxd1 Ng6 22. Re1 h6 23. Nxf5 Re4 24. Rd1 Nxe5 25. N3d4 Nc4 26. Qa4 Nxb2 27. Qb3 Nxd1 0-1

[Event "Early-Titled-Tuesday-Blitz-March-19-2024"]
[Site "Chess.com"]
[Date "2024.03.19"]
[Round "2"]
[White "Firouzja2003"]
[Black "MightyMike_009"]
[Result "1-0"]
[WhiteElo "3082"]
[BlackElo "2717"]
[TimeControl "180+1"]
[EndTime "8:17:09 PDT"]
[Termination "Firouzja2003 won by resignation"]

1. Nf3 Nf6 2. g3 d5 3. Bg2 e6 4. O-O c5 5. d3 Nc6 6. Nbd2 Be7 7. e4 O-O 8. Re1 b6 9. e5 Nd7 10. Nf1 Bb7 11. h4 Re8 12. h5 h6 13. N1h2 f5 14. exf6 Nxf6 15. Rxe6 Qd7 16. Bh3 Nd8 17. Ne5 Qxe6 18.
Bxe6+ Nxe6 19. Nhg4 Nh7 20. Bxh6 d4 21. Qd2 Bd6 22. Re1 Bf8 23. Bf4 Rad8 24. f3 Nc7 25. Nf7 Rxe1+ 26. Qxe1 Re8 27. Nfe5 Nd5 28. Qd2 Bd6 29. c4 Ndf6 30. Nxf6+ Nxf6 31. Ng4 Bxf4 32. Nxf6+ gxf6 33. Qxf4 Kf7 34. g4 Re3 35. g5 1-0

[Event "Early-Titled-Tuesday-Blitz-March-19-2024"]
[Site "Chess.com"]
[Date "2024.03.19"]
[Round "2"]
[White "TigrVShlyape"]
[Black "Let_it_be_1"]
[Result "1-0"]
[WhiteElo "2917"]
[BlackElo "2623"]
[TimeControl "180+1"]
[EndTime "8:17:09 PDT"]
[Termination "TigrVShlyape won by resignation"]

1. d4 d5 2. Bf4 e6 3. e3 Bd6 4. Nf3 Bxf4 5. exf4 Ne7 6. c3 b6 7. Nbd2 O-O 8. h4 c5 9. h5 h6 10. Nb3 Qd6 11. g3 Ba6 12. Bxa6 Nxa6 13. Qe2 Nb8 14. Kf1 Nbc6 15. Kg2 Rac8 16. a3 cxd4 17. Nbxd4 Nxd4 18. Nxd4 Nc6 19. Rad1 Rfe8 20. Nxc6 Qxc6 21. Rd4 b5 22. Qf3 Qb7 23. Re1 a5 24. f5 exf5 25. Rxe8+ Rxe8 26. Rxd5 b4 27. cxb4 axb4 28. a4 g6 29. hxg6 fxg6 30. Rxf5 Qxf3+ 31. Rxf3 Ra8 32. b3 Kg7 33. Rf4 Rb8 34.
Rc4 Kf6 35. Rc6+ Kf5 36. Kf3 h5 37. Rc5+ Kf6 38. Kf4 Rb6 39. Rb5 1-0

[Event "Early-Titled-Tuesday-Blitz-March-19-2024"]
[Site "Chess.com"]
[Date "2024.03.19"]
[Round "2"]
[White "IMchanged"]
[Black "Oleksandr_Bortnyk"]
[Result "0-1"]
[WhiteElo "2694"]
[BlackElo "3042"]
[TimeControl "180+1"]
[EndTime "8:17:11 PDT"]
[Termination "Oleksandr_Bortnyk won by checkmate"]

1. e4 Nf6 2. e5 Nd5 3. Qf3 e6 4. d4 c5 5. dxc5 Nc6 6. Qg3 Bxc5 7. Qxg7 Rf8 8. c3 Qh4 9. Qg3 Qe4+ 10. Be2 Nxe5 11. Nd2 Qf5 12. Nb3 Bb6 13. Bh6 Rh8 14. Nd4 Qe4 15. f3 Nd3+ 16. Kd2 Qg6 17. Qxg6 hxg6 18.
Bg7 Rh7 19. Bxd3 Rxg7 20. Nge2 a6 21. a4 e5 22. Nb3 d6 23. a5 Be3+ 24. Kc2 Be6 25.
g3 Rc8 26. Ra4 f5 27. Rd1 Rgc7 28. Rh4 g5 29. Rh8+ Kf7 30. Rxc8 Rxc8 31. Kb1 Nxc3+ 32. Nxc3 Bxb3 33. Bxf5 Rxc3 34. Rxd6 Rc1# 0-1

[Event "Early-Titled-Tuesday-Blitz-March-19-2024"]
[Site "Chess.com"]
[Date "2024.03.19"]
[Round "2"]
[White "vasblesk"]
[Black "emeli_chess"]
[Result "1-0"]
[WhiteElo "2780"]
[BlackElo "2424"]
[TimeControl "180+1"]
[EndTime "8:17:11 PDT"]
[Termination "vasblesk won by resignation"]

1. d4 Nf6 2. c4 e6 3. g3 d5 4. Bg2 dxc4 5. Nf3 Nc6 6. O-O Rb8 7. a4 a6 8. a5 Bd6 9. Nbd2 e5 10. dxe5 Nxe5 11.
Nxe5 Bxe5 12. Nxc4 Qxd1 13. Rxd1 Nd7 14. Nxe5 Nxe5 15. Bf4 f6 16. Rac1 c6 17. Bxe5 fxe5 18. Rc5 O-O 19. Rxe5 Bg4 20. f3 Bf5 21. e4 Bg6 22. Re7 b6 23. f4 bxa5 24. f5 Bh5 25. g4 Bxg4 26. Rdd7 Rfd8 27. Rxg7+ Kf8 28. Rxd8+ Rxd8 29. Rxg4 Rd1+ 30. Bf1 Rd2 31. Rg2 Rd4 32. Re2 Ke7 33.
e5 a4 34. f6+ Ke6 35. Bh3+ Kf7 36. e6+ 1-0

[Event "Early-Titled-Tuesday-Blitz-March-19-2024"]
[Site "Chess.com"]
[Date "2024.03.19"]
[Round "2"]
[White "Jahonas"]
[Black "Gennady_Kozlov"]
[Result "0-1"]
[WhiteElo "2351"]
[BlackElo "2663"]
[TimeControl "180+1"]
[EndTime "8:17:11 PDT"]
[Termination "Gennady_Kozlov won by resignation"]

1. d4 e6 2. c4 b6 3. Nf3 Bb7 4. Nc3 Nf6 5. Bg5 Be7 6. e3 Ne4 7. Bxe7 Qxe7 8. Bd3 Nxc3 9. bxc3 f5 10. Ne5 O-O 11.
O-O d6 12. Nf3 Nd7 13. a4 a5 14. Qe2 Nf6 15. Nd2 Qf7 16. f3 Qg6 17. Rae1 Nh5 18.
Qf2 Rae8 19. Kh1 Qg5 20. f4 Qh6 21. Be2 Rf6 22. Bf3 Bxf3 23. gxf3 Rg6 24. Rg1 Nf6 25.
Rxg6 hxg6 26. Rg1 Kf7 27. Qg3 Rh8 28. Rg2 Qh5 29. Kg1 Rh6 30. Qg5 Qh3 31. Qg3 Nd7 32. e4 c5 33. d5 Nf6 34. dxe6+ Kxe6 35. exf5+ Qxf5 36. Qe1+ Kf7 37. Qe3 Rh3 38. Rg5 Qc2 39.
Kg2 Rh8 40. f5 Re8 41. fxg6+ Kg8 42. Qf2 Qxc3 43. Ne4 Nxe4 44. fxe4 Qxc4 45. Rg4 Rf8 46. Rf4 Rxf4 47. Qxf4 Qe6 48. Qf5 Qxf5 49. exf5 Kf8 50. h4 Ke7 51. h5 Kf6 52. Kf3 Kxf5 53. Ke3 d5 0-1

[Event "Early-Titled-Tuesday-Blitz-March-19-2024"]
[Site "Chess.com"]
[Date "2024.03.19"]
[Round "2"]
[White "UK_23"]
[Black "Danny_Billiards"]
[Result "0-1"]
[WhiteElo "2363"]
[BlackElo "2774"]
[TimeControl "180+1"]
[EndTime "8:17:12 PDT"]
[Termination "Danny_Billiards won by checkmate"]

1. e4 e6 2. d4 d5 3. e5 c5 4. c3 Nc6 5. Nf3 Qc7 6. Be2 f6 7.
Bf4 fxe5 8. dxe5 Nh6 9. O-O Be7 10. Bd3 Nf7 11. Re1 g5 12. Bg3 h5 13. h3 Bd7 14. Bg6 h4 15. Bh2 Rf8 16. Na3 a6 17.
Nc2 O-O-O 18. a3 Nh6 19. b4 g4 20. hxg4 Nxg4 21. a4 Nxh2 22. Kxh2 Rxf3 23. gxf3 Nxe5 24.
Kh1 Nxg6 25. bxc5 Bxc5 26. Nd4 e5 27. Nb3 Bxf2 28. Re2 Bg3 29. Rc1 Nf4 30. Rd2 Bh3 31. c4 d4 32. c5 e4 33. Rxd4 Bg2+ 34. Kg1 exf3 35. Rc2 Nh3# 0-1

[Event "Early-Titled-Tuesday-Blitz-March-19-2024"]
[Site "Chess.com"]
[Date "2024.03.19"]
[Round "2"]
[White "IPAchess"]
[Black "AlexanderKing"]
[Result "0-1"]
[WhiteElo "2400"]
[BlackElo "2630"]
[TimeControl "180+1"]
[EndTime "8:17:13 PDT"]
[Termination "AlexanderKing won by resignation"]

1. d4 d5 2. c4 e6 3. Nf3 c5 4. cxd5 exd5 5. g3 Nc6 6. Bg2 Nf6 7. O-O Be7 8. dxc5 Bxc5 9. a3 Ne4 10. b4 Be7 11. Bb2 Bf6 12. Bxf6 Qxf6 13. Nbd2 O-O 14. Rc1 Nc3 15. Qe1 Re8 16. e3 d4 17. e4 d3 18. Kh1 Ne2 19. Rc5 Bg4 20. Ng1 Nxg1 21. Kxg1 Be2 22. Qc1 Bxf1 23. Nxf1 Nd4 24. Qd2 Ne2+ 25.
Kh1 Qxf2 26. Qe3 Qxe3 27. Nxe3 d2 28. Bf3 Nd4 29. Kg2 Nxf3 30. Kxf3 Rad8 31. Nd1 Rd3+ 32.
Ke2 Rxa3 33. Kxd2 g6 34. Nc3 b6 35. Rc7 a5 36. bxa5 bxa5 37. Kd3 a4 38. Kd4 Ra8 39. e5 Ra1 40. Nd5 Rd1+ 41. Ke4 Rxd5 42. Kxd5 a3 43. Rc1 a2 44. Ra1 Kf8 45. e6 Ra5+ 46. Kc4 fxe6 47. Kb4 Ra8 48. Kb3 Ke7 49. Rxa2 Rxa2 50. Kxa2 Kf6 51.
Kb2 Kf5 52. Kc2 Kg4 53. Kd3 Kh3 54. Ke4 Kxh2 55. g4 Kg3 56. g5 Kg4 57. Ke5 Kxg5 0-1

[Event "Early-Titled-Tuesday-Blitz-March-19-2024"]
[Site "Chess.com"]
[Date "2024.03.19"]
[Round "2"]
[White "ZenBull"]
[Black "Mikhail_Bryakin"]
[Result "0-1"]
[WhiteElo "2310"]
[BlackElo "2757"]
[TimeControl "180+1"]
[EndTime "8:17:14 PDT"]
[Termination "Mikhail_Bryakin won by resignation"]

1. Nf3 b6 2. d3 Bb7 3. e4 c5 4.
Nbd2 d5 5. g3 dxe4 6. dxe4 g6 7.
Bg2 Bg7 8. O-O Nc6 9. c3 Nh6 10. Re1 O-O 11. h3 f6 12. Nc4 Nf7 13. Qxd8 Raxd8 14.
Be3 Nd6 15. Nxd6 Rxd6 16. Rad1 Rxd1 17. Rxd1 Rd8 18. Rxd8+ Nxd8 19. Nd2 Kf7 20. f3 f5 21. exf5 gxf5 22. f4 Bxg2 23. Kxg2 Ke6 24. Kf3 Nc6 25.
Ke2 h5 26. Kf3 Bf6 27. Ke2 Na5 28. Kd3 Nb7 29. b3 Nd6 30. c4 Kd7 31. Nf3 e6 32. Nd2 Kc6 33. Bf2 a6 34. Be3 b5 35.
cxb5+ axb5 36. Bf2 Kd5 37. Be3 c4+ 38. bxc4+ bxc4+ 39. Kc2 c3 40. Nb3 Ke4 41. Bf2 Kf3 42. Be1 Ne4 43.
a4 Ke2 44. Bxc3 Nxc3 45. a5 Nd5 46. a6 Nb4+ 47. Kc1 Nxa6 0-1

[Event "Early-Titled-Tuesday-Blitz-March-19-2024"]
[Site "Chess.com"]
[Date "2024.03.19"]
[Round "2"]
[White "GlavkonVVS"]
[Black "AnishOnYoutube"]
[Result "1-0"]
[WhiteElo "2698"]
[BlackElo "3024"]
[TimeControl "180+1"]
[EndTime "8:17:17 PDT"]
[Termination "GlavkonVVS won by resignation"]

1. c4 g6 2. Nc3 Bg7 3. Nf3 d6 4. d4 Bg4 5. Bg5 Nc6 6. e3 Nf6 7. Be2 O-O 8. h3 Bd7 9. O-O h6 10. Bh4 a6 11. a3 Rb8 12. b4 e6 13. Rc1 Ne7 14. Bg3 Nh5 15. Bh2 f5 16. c5 f4 17. Nh4 Bf6 18. Nxg6 Nxg6 19. Bxh5 Be8 20.
Bxg6 Bxg6 21. Bxf4 Kh7 22. cxd6 cxd6 23. Ne2 Qe7 24.
Bg3 Rg8 25. Nf4 Bf5 26. Qe2 Kh8 27. e4 Bh7 28. Rfd1 Rbd8 29. d5 e5 30. Ne6 Rd7 31. Rc4 Bh4 32. Rd3 Bf6 33. Qh5 Bg5 34. Rdc3 Bg6 35. Qf3 Qh7 36. h4 Rf7 37. Qe2 Bf4 38.
h5 Bxg3 39. Rxg3 Bxh5 40. Qxh5 Rxg3 41. fxg3 1-0

[Event "Early-Titled-Tuesday-Blitz-March-19-2024"]
[Site "Chess.com"]
[Date "2024.03.19"]
[Round "2"]
[White "SlavenPastar"]
[Black "HamedWafa4"]
[Result "0-1"]
[WhiteElo "2582"]
[BlackElo "2829"]
[TimeControl "180+1"]
[EndTime "8:17:17 PDT"]
[Termination "HamedWafa4 won by checkmate"]

1. Nf3 c5 2. g3 Nc6 3. Bg2 g6 4. O-O Bg7 5. c3 d5 6. d4 cxd4 7. cxd4 Nf6 8. Nc3 O-O 9. Bf4 Ne4 10. Ne5 Nxc3 11. bxc3 Nxe5 12. dxe5 Be6 13. e4 dxe4 14.
Bxe4 Qc7 15. Qf3 Rab8 16. Rfe1 Rfc8 17. Be3 Bxe5 18. Bxa7 Ra8 19. Bd4 Bxd4 20. cxd4 Rxa2 21. Rxa2 Bxa2 22. Bxb7 Rd8 23. Ba6 Bd5 24. Qe3 Rd6 25. Bf1 e6 26. Bg2 Bxg2 27. Kxg2 Qc6+ 28. Qe4 Rd5 29.
Re3 Qd7 30. Rf3 Rxd4 31. Qa8+ Kg7 32. Qa1 e5 33. Re3 Qd5+ 34. Kh3 g5 35. f3 h5 36. Qe1 g4+ 37. fxg4 hxg4+ 38. Kh4 Qd8+ 39. Kh5 Qh8+ 40. Kg5 Qh6+ 41. Kf5 Qf6# 0-1

[Event "Early-Titled-Tuesday-Blitz-March-19-2024"]
[Site "Chess.com"]
[Date "2024.03.19"]
[Round "2"]
[White "awesomevishesh"]
[Black "ChessAdvanceUSA"]
[Result "0-1"]
[WhiteElo "2625"]
[BlackElo "2446"]
[TimeControl "180+1"]
[EndTime "8:17:21 PDT"]
[Termination "ChessAdvanceUSA won on time"]

1. a3 d6 2. d4 g6 3. e4 Bg7 4. Nc3 Nc6 5. Be3 e5 6. d5 Nce7 7. Qd2 Nf6 8. f3 O-O 9. g4 c6 10. h4 h5 11. g5 Nh7 12. O-O-O c5 13. Bh3 Bxh3 14. Nxh3 b5 15. Nxb5 Rb8 16. c4 a6 17. Nc3 Rb3 18. Qc2 Qb6 19. Na4 Qb8 20. Rd3 Rxd3 21. Qxd3 Qc7 22. Bd2 Rb8 23. Kc2 Nf8 24. Rb1 Qd7 25. b3 Qxh3 26. b4 Nd7 27. b5 axb5 28. Rxb5 Qxh4 29. Qb3 Rxb5 30. cxb5 Qf2 31. b6 c4 32. Qb5 Nxb6 33. Nxb6 Qxf3 34. Qxc4 h4 35. a4 h3 36. Qc7 Qxe4+ 37. Kb2 Nxd5 0-1

[Event "Early-Titled-Tuesday-Blitz-March-19-2024"]
[Site "Chess.com"]
[Date "2024.03.19"]
[Round "2"]
[White "Rogarcia1"]
[Black "mary-sanna"]
[Result "1-0"]
[WhiteElo "2495"]
[BlackElo "2201"]
[TimeControl "180+1"]
[EndTime "8:17:21 PDT"]
[Termination "Rogarcia1 won on time"]

1. e4 c5 2. Nf3 Nc6 3. d4 cxd4 4. Nxd4 g6 5. c4 Bg7 6. Be3 d6 7. Nc3 Nf6 8. Be2 O-O 9. f3 a5 10. Qd2 a4 11. a3 Qa5 12. O-O Nd7 13. Kh1 Nc5 14.
Nxc6 bxc6 15. Rad1 Rb8 16. Qc2 Rb3 17. Bd4 Be6 18. Na2 Bxd4 19. Rxd4 Qb6 20. Rd2 Nd7 21.
f4 f5 22. Bd3 Nc5 23. Nb4 fxe4 24. Bxe4 Nxe4 25. Qxe4 Rf6 26. Nd3 Kg7 27. f5 gxf5 28.
Qf4 d5 29. Qg5+ Rg6 30. Qxe7+ Kh8 31. Ne5 1-0

[Event "Early-Titled-Tuesday-Blitz-March-19-2024"]
[Site "Chess.com"]
[Date "2024.03.19"]
[Round "2"]
[White "fandebobbyfischer"]
[Black "Sanan_Sjugirov"]
[Result "1/2-1/2"]
[WhiteElo "2690"]
[BlackElo "3024"]
[TimeControl "180+1"]
[EndTime "8:17:23 PDT"]
[Termination "Game drawn by agreement"]

1. e4 c5 2. Nf3 Nc6 3. c3 Nf6 4. e5 Nd5 5. d4 cxd4 6. cxd4 d6 7.
Bc4 dxe5 8. dxe5 Be6 9. Qe2 g6 10. O-O Bg7 11. Rd1 Qa5 12. Bd2 Qc7 13. Nc3 Nxc3 14. Bxc3 Bxc4 15. Qxc4 O-O 16. e6 f6 17. Rd7 Qb6 18. Qb3 Qxb3 19. axb3 Rab8 20. Nd4 Rfc8 21. Nxc6 Rxc6 22. Rxa7 Rxe6 23. g3 b5 24. Rxe7 Rxe7 25. Rxe7 b4 26. Bd4 Rd8 27. Bb6 Rd2 28. Re4 Bf8 29.
Ba5 Rxb2 30. Bxb4 Rxb3 1/2-1/2

[Event "Early-Titled-Tuesday-Blitz-March-19-2024"]
[Site "Chess.com"]
[Date "2024.03.19"]
[Round "2"]
[White "marcodobrikov"]
[Black "Beca95"]
[Result "0-1"]
[WhiteElo "2670"]
[BlackElo "2981"]
[TimeControl "180+1"]
[EndTime "8:17:26 PDT"]
[Termination "Beca95 won by resignation"]

1. Nf3 d5 2. d4 Bf5 3. e3 e6 4. Bd3 c6 5. Bxf5 exf5 6. O-O Bd6 7. c4 dxc4 8. Qc2 g6 9. Qxc4 Nf6 10. b4 Nbd7 11. a4 a6 12. Nc3 O-O 13. g3 Nb6 14. Qb3 Ne4 15. Nxe4 fxe4 16. Nd2 Re8 17. Nc4 Nd5 18.
Bd2 Nc7 19. Rfc1 Qe7 20. Na5 Rab8 21. Rab1 h5 22. h4 Red8 23. Kg2 Qd7 24. Rb2 Qf5 25.
Qd1 Be7 26. Qe2 Rd5 27. Rbc2 Ne8 28. Rb2 Nf6 29. b5 axb5 30. axb5 cxb5 31. Rc7 Ba3 32. Rb3 Bf8 33. Rxb7 Rxb7 34. Nxb7 Ng4 35. Na5 g5 36. hxg5 Qxg5 37. f3 exf3+ 38. Qxf3 Rf5 39. e4 Qxd2+ 0-1

[Event "Early-Titled-Tuesday-Blitz-March-19-2024"]
[Site "Chess.com"]
[Date "2024.03.19"]
[Round "2"]
[White "ninguno46"]
[Black "IraZyne"]
[Result "0-1"]
[WhiteElo "2542"]
[BlackElo "2344"]
[TimeControl "180+1"]
[EndTime "8:17:26 PDT"]
[Termination "IraZyne won by resignation"]

1. e4 Nf6 2. e5 Nd5 3. d4 d6 4. c4 Nb6 5. exd6 exd6 6. Nc3 Be7 7. Bd3 O-O 8. Nge2 Bg4 9. f3 Bh4+ 10. Kf1 Bh5 11. g3 Bf6 12. Kg2 Nc6 13. b3 Re8 14. h4 Bg6 15. Bxg6 fxg6 16. h5 gxh5 17. Rxh5 Qd7 18.
Ne4 Qf7 19. Qh1 h6 20. Bxh6 Nxd4 21. Nxd4 Bxd4 22. Rd1 Rxe4 23. fxe4 Qf2+ 24. Kh3 gxh6 25. Rf5 Qe3 26. Rf3 Qxe4 27. Rf4 Qe6+ 28. Rg4+ Kh8 29. Rxd4 h5 30. Kg2 Qe2+ 31. Kh3 hxg4+ 32. Rxg4 Rf8 33. Qa1+ Qe5 34. Qc1 Rf6 35. Rh4+ Kg7 36. Qc2 Qf5+ 0-1

[Event "Early-Titled-Tuesday-Blitz-March-19-2024"]
[Site "Chess.com"]
[Date "2024.03.19"]
[Round "2"]
[White "Incognizance"]
[Black "Bob_2004"]
[Result "1-0"]
[WhiteElo "1888"]
[BlackElo "2403"]
[TimeControl "180+1"]
[EndTime "8:17:26 PDT"]
[Termination "Incognizance won on time"]

1. d4 Nf6 2. c4 e6 3. Nf3 c5 4. d5 exd5 5. cxd5 d6 6. Nc3 g6 7. Bf4 a6 8. a4 Bg7 9. h3 O-O 10. e3 Re8 11. Nd2 Qc7 12. Nc4 Bf8 13. Bd3 Nbd7 14. O-O Nb6 15. Nxb6 Qxb6 16. Qc2 Qd8 17. Bh2 b6 18. e4 Nh5 19. f4 Bg7 20. g4 Bd4+ 21.
Kh1 Ng7 22. Ne2 Qf6 23. Nxd4 Qxd4 24. Qc3 Qxc3 25. bxc3 f5 26. gxf5 gxf5 27. e5 dxe5 28. fxe5 Bd7 29. e6 Nxe6 30. dxe6 Bxe6 31. Bf4 Bd5+ 32. Kh2 Be4 33. Bc4+ 1-0

[Event "Early-Titled-Tuesday-Blitz-March-19-2024"]
[Site "Chess.com"]
[Date "2024.03.19"]
[Round "2"]
[White "DucksParadise"]
[Black "Ati1517"]
[Result "1-0"]
[WhiteElo "2511"]
[BlackElo "2222"]
[TimeControl "180+1"]
[EndTime "8:17:28 PDT"]
[Termination "DucksParadise won by checkmate"]

1. Nf3 Nf6 2. Ne5 d6 3. Nxf7 Kxf7 4. g3 e5 5. Bg2 Be7 6. O-O Rf8 7. d3 Kg8 8. f4 Nc6 9. e4 Bg4 10. Qe1 d5 11.
fxe5 Nxe5 12. exd5 Bc5+ 13. Kh1 Nf3 14. Bxf3 Bxf3+ 15. Rxf3 Qxd5 16. Kg2 Ng4 17. Qe4 Qh5 18. h3 Nf2 19. Qe6+ Kh8 20. Bf4 Rfe8 21. g4 Qh4 22. Qf5 Nxh3 23. Bg3 Re2+ 24. Kf1 Qe7 25. Nc3 Re3 26. Re1 Rxe1+ 27. Bxe1 Re8 28. Bd2 Bd4 29. Kg2 Bxc3 30. Bxc3 Qe2+ 31. Kxh3 Qxc2 32. Qf8+ Rxf8 33. Rxf8# 1-0

[Event "Early-Titled-Tuesday-Blitz-March-19-2024"]
[Site "Chess.com"]
[Date "2024.03.19"]
[Round "2"]
[White "JRenatoMaranhao"]
[Black "Kotofeyca"]
[Result "0-1"]
[WhiteElo "2013"]
[BlackElo "2456"]
[TimeControl "180+1"]
[EndTime "8:17:28 PDT"]
[Termination "Kotofeyca won by resignation"]

1. e4 c5 2. d4 cxd4 3. c3 Nf6 4. e5 Nd5 5. cxd4 Nc6 6. Nf3 d6 7. Bd3 Bg4 8. exd6 e6 9. Be3 Bxd6 10. Nbd2 Nf4 11.
Bxf4 Bxf4 12. Qa4 Bxd2+ 13. Nxd2 Qxd4 14. Qxd4 Nxd4 15. O-O Ke7 16. Be4 Rac8 17. f3 Bf5 18. Bxb7 Rb8 19. Ba6 Rxb2 20. Nc4 Rb4 21. Rfd1 Rd8 22.
Ne5 Rb6 23. Bc4 f6 24. Nd3 Rbd6 25. Kf2 Nc2 26. Nb2 Nxa1 27. Rxa1 Rd2+ 0-1

[Event "Early-Titled-Tuesday-Blitz-March-19-2024"]
[Site "Chess.com"]
[Date "2024.03.19"]
[Round "2"]
[White "PeshkaCh"]
[Black "ExtremeLearner"]
[Result "1-0"]
[WhiteElo "2824"]
[BlackElo "2576"]
[TimeControl "180+1"]
[EndTime "8:17:29 PDT"]
[Termination "PeshkaCh won by resignation"]

1. Nf3 Nf6 2. d4 e6 3. c4 d5 4. Nc3 Nbd7 5. Bg5 Bb4 6. e3 c5 7.
cxd5 exd5 8. dxc5 Qa5 9. Bxf6 Nxf6 10. Qd4 O-O 11. Bd3 Bxc5 12. Qh4 Bb4 13. Qd4 Ne4 14. Rc1 Bc5 15. Qxd5 Nxc3 16. bxc3 Be6 17. Qe4 g6 18.
O-O Qxa2 19. Qxb7 Rab8 20. Qc7 Rbc8 21. Qf4 Rfd8 22. Be4 Qc4 23. Ng5 Be7 24. Nxe6 Qxe6 25. Qf3 Bf6 26. c4 Rxc4 27. Rxc4 Qxc4 28. Qxf6 Rc8 29.
Bf3 1-0

[Event "Early-Titled-Tuesday-Blitz-March-19-2024"]
[Site "Chess.com"]
[Date "2024.03.19"]
[Round "2"]
[White "JaackCamel"]
[Black "Muslim_player_05"]
[Result "0-1"]
[WhiteElo "2202"]
[BlackElo "2497"]
[TimeControl "180+1"]
[EndTime "8:17:30 PDT"]
[Termination "Muslim_player_05 won on time"]

1. d4 Nf6 2. c4 e6 3. Nc3 Bb4 4.
Qc2 b6 5. a3 Bxc3+ 6. Qxc3 Bb7 7. f3 c5 8. e4 cxd4 9. Qxd4 Nc6 10. Qc3 Rc8 11. Bg5 h6 12. Bh4 d6 13. Rd1 Qe7 14. Ne2 Nxe4 15. Bxe7 Nxc3 16. Nxc3 Kxe7 17. Be2 Rhd8 18. Kf2 Na5 19. Rd4 g5 20. h4 e5 21.
Rg4 f5 22. Rg3 g4 23. fxg4 f4 24. Rgh3 Nxc4 25. Bxc4 Rxc4 26. g5 h5 27. Rd3 e4 28.
Nd5+ Ke6 29. Nxf4+ Kf5 30. Rd5+ Kxf4 0-1

[Event "Early-Titled-Tuesday-Blitz-March-19-2024"]
[Site "Chess.com"]
[Date "2024.03.19"]
[Round "2"]
[White "AlexeiShirov"]
[Black "maximnovik"]
[Result "0-1"]
[WhiteElo "2847"]
[BlackElo "2622"]
[TimeControl "180+1"]
[EndTime "8:17:33 PDT"]
[Termination "maximnovik won by resignation"]

1. e4 c6 2. d4 d5 3. e5 Bf5 4. h4 Qb6 5. g4 Bd7 6. h5 c5 7.
Bh3 cxd4 8. Nf3 Nc6 9. O-O Nh6 10. Re1 Bxg4 11. Bxg4 Nxg4 12. e6 f6 13. c3 dxc3 14. Qe2 d4 15. bxc3 d3 16. Qf1 O-O-O 17. Nbd2 g6 18. Rb1 Qc7 19. Qh3 gxh5 20. Qxh5 Rg8 21.
Kf1 Bh6 22. Re4 Bxd2 23. Bxd2 Nge5 24. Bf4 d2 25. Rd1 Qa5 26. Nxe5 Nxe5 27. Bxe5 fxe5 28.
Qxe5 Qxe5 29. Rxe5 Rd6 30. Ke2 Rgd8 31. f4 Kc7 32. f5 Rd5 33. Rxd5 Rxd5 34. Rf1 d1=Q+ 35. Rxd1 Rxd1 36. Kxd1 Kd6 0-1